 Dungeon Crawl Stone Soup version 0.14-a0-817-g3f7b0b1 (webtiles) character file.

558 4tharraofdagon the Slasher (level 6, -2/48 HPs)
             Began as a Djinni Gladiator on Nov 12, 2013.
             Was a Follower of Makhleb.
             Slain by a necrophage (3 damage)
             ... on Level 8 of the Dungeon.
             The game lasted 00:13:39 (2011 turns).

4tharraofdagon the Slasher (Djinni Gladiator)       Turns: 2011, Time: 00:13:39

HP  -2/48        AC 10     Str 18      XL: 6   Next: 42%
MP   0/0         EV  7     Int 13      God: Makhleb [*.....]
Gold 187         SH  0     Dex 13      Spells:  0 memorised,  5 levels left

Res.Fire  : + + +   See Invis. : .   a - +0 falchion
Res.Cold  : x . .   Warding    : .   g - +0 chain mail
Life Prot.: + + +   Conserve   : .   (no shield)
Res.Poison: .       Res.Corr.  : .   c - +0 helmet
Res.Elec. : .       Clarity    : .   (no cloak)
Sust.Abil.: . .     Spirit.Shd : .   (no gloves)
Res.Mut.  : .       Stasis     : .   (boots unavailable)
Res.Rott. : .       Flight     : +   (no amulet)
Saprovore : . . .                    (no ring)
                                     (no ring)

@: brilliant, flying, slightly resistant to hostile enchantments, extremely
unstealthy
A: fire immunity, cold vulnerability, life protection 3
a: Renounce Religion


You were on level 8 of the Dungeon.
You worshipped Makhleb.
Makhleb was aware of your devotion.
You were not hungry.

You visited 2 branches of the dungeon, and saw 9 of its levels.

You collected 187 gold pieces.

Inventory:

Hand weapons
 a - a +0,+0 falchion (weapon)
Missiles
 m - 4 javelins (quivered)
Armour
 b - a +0 leather armour
 c - a +0 helmet (worn)
 g - a +0 chain mail (worn)
 v - a +0 cloak
Scrolls
 e - 2 scrolls of fog
 f - a scroll of noise {unknown}
 h - a scroll of enchant weapon II {unknown}
 i - a scroll of acquirement {unknown}
 j - 4 scrolls of remove curse
 k - a scroll of blinking {unknown}
 l - 3 scrolls of identify {unknown}
 o - a scroll of magic mapping {unknown}
 s - a scroll of fear {unknown}
Jewellery
 p - an uncursed amulet of clarity {unknown}
 w - an uncursed ring of fire
Potions
 r - a potion of restore abilities
 u - 2 potions of curing


   Skills:
 + Level 3.5 Fighting
 * Level 5.4 Long Blades
 - Level 1.7 Throwing
 + Level 3.1 Armour
 - Level 2.6 Dodging
   Level 1.2 Evocations


You had 5 spell levels left.
You didn't know any spells.

Dungeon Overview and Level Annotations

Branches:
Dungeon (8/27)             Temple (1/1) D:6
    Orc: D:6-11        Lair: D:8-13

Altars:
Cheibriados
Makhleb
Okawaru
Sif Muna
Vehumet
Xom
the Shining One

Shops:
D:7 /

Portals:
Ziggurat: D:4 (3720 gp)

Annotations:
D:3 Grinder
D:4 4tharraofdagon's ghost, average DjGl
D:5 Blork the orc
D:7 Pikel
D:8 Maurice


Innate Abilities, Weirdness & Mutations

You are immune to all types of fire, even holy and hellish.
You are vulnerable to cold.
You need no food.
You have no legs.
You are immune to negative energy.


Message History

The hippogriff bites you. The hippogriff pecks you. The hippogriff claws you.
* * * LOW HITPOINT WARNING * * *
You fly upwards.
Level annotation: Pikel
Found a crested helmet.
There is a stone staircase leading down here.
Unknown command.
Unknown command.
The hippogriff bites you.
* * * LOW HITPOINT WARNING * * *
The hippogriff pecks you.
* * * LOW HITPOINT WARNING * * *
The hippogriff claws you but does no damage.
The orc wizard looks braver.
The orc hits you.
* * * LOW HITPOINT WARNING * * *
You fly downwards.
Level annotation: Maurice The necrophage hits you.
You die...

...##.#.###.#######
. #.#.............
##.#####.########
.................
...#####.########
#.# #H# #o# #@# #n#
#.# #.# #.# ... #.#
###.# #.# #.... ...


You could see a hippogriff, a necrophage and an orc.

Vanquished Creatures
  A yak skeleton (D:8)
  2 crimson imps (D:6)
  A hound (D:4)
  An orc wizard (D:3)
  A jelly (D:8)
  An iguana (D:5)
  A scorpion (D:6)
  A worker ant (D:6)
  A mummy (D:6)
  An adder (D:6)
  A giant mite (D:3)
  A worm (D:6)
  2 giant geckos (D:6)
  An ooze (D:2)
  9 orcs
  A ball python (D:2)
  3 goblins
  6 hobgoblins
  3 quokkas
  9 bats
  A giant cockroach (D:8)
  A giant newt (D:2)
  4 jackals (D:5)
  8 kobolds
  7 rats
68 creatures vanquished.

Notes
Turn   | Place    | Note
--------------------------------------------------------------
     0 | D:1      | 4tharraofdagon, the Djinni Gladiator, began the quest for the Orb.
     0 | D:1      | Reached XP level 1. HP: 15/15 MP: 0/0
   335 | D:2      | Reached XP level 2. EP: 16/21
   368 | D:3      | Reached skill level 1 in Armour
   380 | D:3      | Reached XP level 3. EP: 20/27
   449 | D:3      | Found a glowing golden altar of the Shining One.
   449 | D:3      | Found an iron altar of Okawaru.
   477 | D:3      | Noticed Grinder
   515 | D:4      | Found a gateway to a ziggurat.
   515 | D:4      | Noticed an angel
   520 | D:4      | Noticed a phantom
   545 | D:3      | Reached skill level 4 in Long Blades
   548 | D:3      | Paralysed by Grinder for 2 turns
   614 | D:4      | Reached XP level 4. EP: 27/34
   648 | D:4      | Noticed 4tharraofdagon's ghost (average DjGl)
   687 | D:5      | Entered Level 5 of the Dungeon
   687 | D:5      | Noticed an ogre
   831 | D:6      | Found a staircase to the Ecumenical Temple.
   837 | Temple   | Entered the Ecumenical Temple
   845 | Temple   | Became a worshipper of Makhleb the Destroyer
   992 | D:6      | Noticed an orc warrior
  1030 | D:4      | Reached XP level 5. EP: 30/40
  1250 | D:5      | Noticed Blork the orc
  1270 | D:6      | Acquired Makhleb's first power
  1342 | D:6      | Reached skill level 5 in Long Blades
  1637 | D:6      | Reached XP level 6. EP: 39/47
  1794 | D:7      | Noticed Pikel
  1831 | D:7      | Found Usuankuli's Magical Wand Shoppe.
  1841 | D:8      | Reached skill level 1 in Evocations
  1983 | D:8      | Noticed Maurice
  1989 | D:8      | fuck
  1991 | D:8      | Noticed a hippogriff
  1992 | D:8      | Noticed a necrophage
  2010 | D:7      | HP: 1/48 [orc (2)]
  2011 | D:8      | Slain by a necrophage

Action                   |  1- 3 |  4- 6 || total
-------------------------+-------+-------++-------
Melee: Falchion          |   101 |   153 ||   254
       Short sword       |       |     1 ||     1
Throw: Throwing net      |       |     8 ||     8
       Javelin           |       |     4 ||     4
Evoke: Wand              |       |     4 ||     4
  Use: Scroll            |     1 |     4 ||     5
       Potion            |     1 |     4 ||     5
 Stab: Held in net/web   |       |     3 ||     3
